 Dungeon Crawl Stone Soup version 0.22-a0-305-gd21a89c538 (webtiles) character file.

265 Oravi the Ducker (level 6, 0/52 HPs)
             Began as a Kobold Hunter on Mar 31, 2018.
             Slain by a hound (2 damage)
             ... on level 4 of the Dungeon.
             The game lasted 00:14:49 (4417 turns).

Oravi the Ducker (Kobold Hunter)                    Turns: 4417, Time: 00:14:49

Health: 0/52       AC:  4    Str: 17    XL:     6   Next: 44%
Magic:  6/6        EV: 17    Int: 12    God:
Gold:   106        SH:  0    Dex: 15    Spells: 5/5 levels left

rFire    . . .     SeeInvis .   b - +0 short sword
rCold    . . .     Gourm    .   (shield restricted)
rNeg     . . .     Faith    .   c - +1 leather armour
rPois    .         Spirit   .   (no helmet)
rElec    .         Reflect  .   (no cloak)
rCorr    .         Harm     .   (no gloves)
MR       .....                  (no boots)
Stlth    ..........             (no amulet)
HPRegen  0.17/turn              (no ring)
MPRegen  0.10/turn              (no ring)

@: berserking, very quick
A: small, carnivore
a: no special abilities


You were on level 4 of the Dungeon.
You were very full.

You visited 1 branch of the dungeon, and saw 4 of its levels.

You collected 106 gold pieces.

Inventory:

Hand Weapons
 a - a +1 hand crossbow
 b - a +0 short sword (weapon)
Missiles
 d - 2 bolts
Armour
 c - a +1 leather armour (worn)
Jewellery
 o - an uncursed amulet of regeneration {unknown}
Wands
 p - a wand of random effects (22)
Scrolls
 e - 4 scrolls of identify
 g - 5 scrolls of remove curse
 i - a scroll of enchant armour
 k - a scroll of immolation {unknown}
 m - 3 scrolls of random uselessness
 n - 2 scrolls of teleportation
Potions
 h - a potion of berserk rage
 j - a potion of agility {unknown}
 l - a potion of lignification
Comestibles
 f - 13 rations


   Skills:
 - Level 2.1 Fighting
 + Level 5.0 Short Blades
 - Level 5.0 Crossbows
 * Level 5.7 Dodging
 - Level 1.3 Stealth


You had 5 spell levels left.
You didn't know any spells.

Dungeon Overview and Level Annotations

Branches:
Dungeon (4/15)
 Temple: D:4-7

Altars:
Elyvilon
Sif Muna
Vehumet
Yredelemnul


Innate Abilities, Weirdness & Mutations

You are small and have problems with some larger weapons.
You are carnivorous and can eat meat at any time.


Message History

The hound stops to sniff the ground.
The hound barely misses you. The phantom hits you.
* * * LOW HITPOINT WARNING * * *
The phantom blinks!
You hit the hound but do no damage. The hound bites you but does no damage.
You closely miss the hound. The hound misses you.
You puncture the hound!
The hound is heavily wounded.
The phantom blinks!
You miss the hound.
The hound is heavily wounded.
The hound bites you.
* * * LOW HITPOINT WARNING * * *
You barely miss the hound.
The hound is heavily wounded.
The hound misses you.
You puncture the hound!
The hound is almost dead.
The hound bites you.
You die...

#........#######
#........(......
#####...............
#...#.........(....(
#...#...............
#...#...............
#...#...............
#...+Wh.........((..
#...##@####.#.....(.
#####...##'####.########
##...............#
#........#...#####
#........#....(.#
#........#........
#........#...#.....
#............#..###
#.....†.....#.....


You could see a phantom and a hound.

Vanquished Creatures
  An orc priest (D:3)
  A human zombie (D:3)
  2 worker ants (D:4)
  A gnoll (D:1)
  5 adders
  An ooze (D:4)
  An adder skeleton (D:4)
  4 worms
  2 dart slugs
  2 leopard geckos
  7 orcs
  3 giant cockroaches
  7 hobgoblins
  6 jackals
  A ball python (D:1)
  11 bats
  2 frilled lizards
  9 goblins
  A goblin skeleton (D:3)
  7 kobolds
  2 rats
76 creatures vanquished.

Notes
Turn   | Place    | Note
-------+----------+-------------------------------------------
     0 | D:1      | Oravi the Kobold Hunter began the quest for the Orb.
     0 | D:1      | Reached XP level 1. HP: 12/12 MP: 1/1
   183 | D:1      | Reached skill level 5 in Crossbows
   211 | D:1      | Reached XP level 2. HP: 17/17 MP: 2/2
   244 | D:1      | Reached skill level 1 in Short Blades
   539 | D:1      | Reached XP level 3. HP: 21/21 MP: 3/3
  1092 | D:1      | Reached XP level 4. HP: 5/26 MP: 4/4
  1603 | D:2      | Found a white marble altar of Elyvilon.
  1704 | D:2      | Found a radiant altar of Vehumet.
  1907 | D:2      | Found a deep blue altar of Sif Muna.
  2830 | D:3      | Reached XP level 5. HP: 18/30 MP: 5/5
  3506 | D:3      | Reached skill level 5 in Dodging
  3724 | D:3      | Found a runed door.
  3724 | D:3      | Noticed a human
  3755 | D:3      | Reached XP level 6. HP: 22/35 MP: 6/6
  3759 | D:3      | Found a basalt altar of Yredelemnul.
  4253 | D:4      | Reached skill level 5 in Short Blades
  4372 | D:4      | Noticed a phantom
  4415 | D:4      | HP: 2/52 [hound (3)]
  4417 | D:4      | Slain by a hound

Vault maps used:
D:1:      kennysheep_arrival_seaside, serial_glass, glass_columns_a,
          glass_columns_a, glass_columns_a, glass_columns_a, glass_columns_a,
          glass_columns_b, glass_columns_c, glass_columns_c
D:2:      vehumet_crystals, lemuel_round_altar, lemuel_doored_altar,
          minmay_stone_trees_small, kennysheep_crisscross, moated_statue,
          bh_walls_and_bars
D:3:      hangedman_decor_clover_reticule, dk_yredelemnul_ordeal
D:4:      first_ration, serial_shops,
          nicolae_shop_temple_entry_statues_fountains,
          nicolae_gozag_cash_rules_everything_around_me

Skill      XL: |  1  2  3  4  5  6 |
---------------+-------------------+-----
Crossbows      | 5 |  5.0
Short Blades   | 1 2 3 4 5 |  5.0
Dodging        | 3 4 5 |  5.7
Fighting       | |  2.1
Stealth        | |  1.3

Action                   |  1- 3 |  4- 6 || total
-------------------------+-------+-------++-------
Melee: Short sword       |   120 |   161 ||   281
 Fire: Hand crossbow     |     3 |    94 ||    97
  Use: Potion            |     2 |     3 ||     5
       Scroll            |       |     5 ||     5
 Stab: Sleeping          |     1 |       ||     1
  Eat: Chunk             |     9 |    10 ||    19
Armor: Leather armour    |    22 |    25 ||    47
       Skin              |     9 |     2 ||    11
Dodge: Dodged            |   130 |   115 ||   245

Table legend:
 A = Spawn XP
 B = Non-spawn XP
 C = Spawn XP percentage of total XP
 D = Spawn monster count
 E = Non-spawn monster count
 F = Spawn count percentage of total count
 G = Total turns spent on level
                    A         B        C        D         E        F      G
               +---------+---------+-------+---------+---------+-------+---------
         Total |       0 |     379 |   0.0 |       0 |      76 |   0.0 |  4417
               +---------+---------+-------+---------+---------+-------+---------
           D:1 |       0 |      65 |   0.0 |       0 |      25 |   0.0 |  1500
           D:2 |       0 |      61 |   0.0 |       0 |      23 |   0.0 |  1363
           D:3 |       0 |     159 |   0.0 |       0 |      20 |   0.0 |  1207
           D:4 |       0 |      94 |   0.0 |       0 |       8 |   0.0 |   347
               +---------+---------+-------+---------+---------+-------+---------
